 Dungeon Crawl Stone Soup version 0.31-a0-202-g547052bce9 (webtiles) character file.

Game seed: 5098008363411031

35 qw the Shooter (level 3, -4/20 HPs)
             Began as a Deep Elf Hunter on June 26, 2023.
             Killed from afar by Robin (7 damage)
             ... with a puff of flame
             ... on level 2 of the Dungeon.
             The game lasted 00:00:15 (766 turns).

qw the Shooter (Deep Elf Hunter)                     Turns: 766, Time: 00:00:15

Health: -4/20      AC:  4    Str: 10    XL:     3   Next: 17%
Magic:  5/5        EV: 12    Int: 13    God:
Gold:   55         SH:  0    Dex: 18    Spells: 2/2 levels left

rFire   . . .        Y - +1 shortbow
rCold   . . .        (shield currently unavailable)
rNeg    . . .        c - +0 leather armour
rPois   .            (no helmet)
rElec   .            (no cloak)
rCorr   .            e - +0 pair of gloves
SInv    .            (no boots)
Will    .....        (no amulet)
Stlth   ++           (no ring)
HPRegen 0.23/turn    (no ring)
MPRegen 0.09/turn

%: no passive effects
@: no status effects
A: no striking features
a: no special abilities


You were on level 2 of the Dungeon.
You visited 1 branch of the dungeon, and saw 2 of its levels.

You collected 55 gold pieces.


   Skills:
 - Level 1.5 Fighting
 + Level 6.8 Ranged Weapons
 - Level 2.4 Dodging
 - Level 1.2 Stealth


You had 2 spell levels left.
You didn't know any spells.
Your spell library was empty.

Inventory:

Hand Weapons
 Y - a +1 shortbow (weapon)
Armour
 c - a +0 leather armour (worn)
 e - a +0 pair of gloves (worn)
Scrolls
 a - a scroll of identify

Dungeon Overview and Level Annotations

Branches:
Dungeon (2/15)

Altars:

Shops:
D:1 :

Annotations:
D:2 Robin


Message History

Robin throws the goblin at you! The goblin closely misses you.
You shoot an arrow. The arrow misses the goblin.
The goblin barely misses you.
You shoot an arrow. The arrow closely misses the goblin.
The goblin closely misses you.
A kobold comes into view. It is wielding a +0 dagger.
A hobgoblin comes into view.
Robin roars a battlecry!
The goblins go into a battle-frenzy!
The goblin hits you with a +0 club.
You hear a shout! x2
You shoot an arrow. The kobold shouts!
The arrow hits the goblin.
The goblin is moderately wounded.
A goblin comes into view. It is wielding a +0 club.
The goblin hits you with a +0 club.
You shoot an arrow. The arrow hits the goblin.
The goblin is severely wounded.
A goblin comes into view. It is wielding a +0 dagger.
The goblin barely misses you. x2
You shoot an arrow. The arrow hits the goblin.
You kill the goblin!
Robin roars a battlecry!
You hear a shout! x2
You shoot an arrow. The arrow hits the goblin.
You kill the goblin!
A goblin comes into view. It is wielding a +0 dagger.
Robin zaps a wand.
The puff of flame hits you!
You shoot an arrow.
The arrow hits Robin but does no damage.
You shoot an arrow. The arrow hits Robin.
Robin is moderately wounded.
Robin says, "Kneel, worm!"
A goblin comes into view. It is wielding a +0 club.
A goblin comes into view. It is wielding a +0 dagger.
You shoot an arrow. The arrow hits Robin.
Robin is severely wounded.
The hobgoblin hits you.
Robin zaps a wand.
The puff of flame hits you!
You die...

......g...#
.)....g.#.
......g..#. .
.......... ..
.....g.... )..
......g..# ...#
......gg##....#
......K@)..#
#####.#.#.....#
#...# .#..# ##..#
# # # #..# # ##.#
# ##########.#
#######..........#
........########.#


You could see Robin, a hobgoblin (strong), 5 goblins and a kobold.

Vanquished Creatures
  A gnoll (D:1)
  A dart slug (D:1)
  2 ball pythons
  An endoplasm (D:1)
  5 goblins
  3 hobgoblins
  4 jackals
  A quokka (D:1)
  2 bats (D:1)
  A frilled lizard (D:1)
  A rat (D:1)
22 creatures vanquished.

Notes
Turn   | Place    | Note
-------+----------+-------------------------------------------
     0 | D:1      | qw the Deep Elf Hunter began the quest for the Orb.
     0 | D:1      | Reached XP level 1. HP: 12/12 MP: 3/3
     0 | D:1      | 0 ||| qw: Version: 0.3-a-22-g0ed2b0b
     0 | D:1      | 0 ||| qw: Game counter: 5833
     0 | D:1      | 0 ||| qw: Melee chars always use a shield: true
     0 | D:1      | 0 ||| qw: God list: Okawaru
     0 | D:1      | 0 ||| qw: Allow faded altars: false
     0 | D:1      | 0 ||| qw: Do Orc after clearing Dungeon:15 true
     0 | D:1      | 0 ||| qw: Do second Lair branch before Depths: true
     0 | D:1      | 0 ||| qw: Lair rune preference: random
     0 | D:1      | 0 ||| qw: Goals: Normal
     0 | D:1      | 0 ||| PLANNING D:1-11
    60 | D:1      | Found Igoaptun's Book Boutique.
   261 | D:1      | Reached XP level 2. HP: 16/16 MP: 4/4
   322 | D:1      | Reached skill level 6 in Ranged Weapons
   619 | D:1      | 619 ||| UPGRADING to +0 pair of gloves.
   624 | D:1      | 624 ||| READING 2 scrolls labelled KOLLIPLYBRA.
   625 | D:1      | 625 ||| READING scroll labelled ODDAFIGIESS.
   626 | D:1      | 626 ||| DROPPING scroll of butterflies.
   656 | D:2      | 656 ||| STAIRDANCE
   692 | D:2      | 692 ||| STAIRDANCE
   696 | D:1      | Reached XP level 3. HP: 15/20 MP: 5/5
   755 | D:2      | Noticed Robin
   766 | D:2      | HP: 3/20 [hobgoblin[Robin] (5)]
   766 | D:2      | Killed from afar by Robin

Levels and vault maps discovered:
D:1:      psy_arrival_statuary, layout_loops_ring, serial_shops,
          nicolae_book_shop_shelving, shapermc_ecumenical_altar_petra
D:2:      layout_rooms, uniq_natasha, uniq_robin, uniq_crazy_yiuf_cottage

Skill      XL: |  1  2 |
---------------+-------+-----
Ranged Weapons | 6 |  6.8
Fighting       | |  1.5
Dodging        | |  2.4
Stealth        | |  1.2

Action                     || total
---------------------------++-------
   Fire: Shortbow          ||    58
    Use: Scroll            ||     2
 Armour: Leather armour    ||    10
  Dodge: Dodged            ||    38

Table legend:
 A = Non-vault XP
 B = Vault XP
 C = Vault XP percentage of total XP
 D = Non-vault monster count
 E = Vault monster count
 F = Vault count percentage of total count
                 A         B        C        D         E       F
            +---------+---------+-------+---------+---------+-------
      Total |      43 |       8 |  15.7 |      17 |       5 |  22.7
            +---------+---------+-------+---------+---------+-------
        D:1 |      40 |       0 |   0.0 |      15 |       0 |   0.0
        D:2 |       3 |       8 |  72.7 |       2 |       5 |  71.4
            +---------+---------+-------+---------+---------+-------
